| TOP OF THE 1ST |
|
Chicago Cubs batting - Pitching for San Diego Padres : RHP Skip Lockwood
|
|
Pitching: RHP Skip Lockwood
|
|
|
Batting: RHB Gary Ward
|
0-0: Called Strike 0-1: Ground out 6-3 (Groundball, 6, EV 87.5 MPH)
|
|
Batting: LHB Johnny Grubb
|
0-0: Ball 1-0: Foul Ball, location: 2F 1-1: Fly out, F8 (Flyball, 8RD, EV 95.6 MPH)
|
|
Batting: LHB Gerald Perry
|
0-0: Ball 1-0: SINGLE (Flyball, 6MD, EV 85.6 MPH)
|
|
Batting: SHB Roy Smalley
|
0-0: Ball 1-0: Ball 2-0: SINGLE (Flyball, 3D, EV 97.5 MPH) Gerald Perry to second Runner from 2nd tries for 3rd, SAFE, throw by RF made to third
|
|
Batting: RHB Houston Jimenez
|
0-0: Swinging Strike 0-1: Ball 1-1: Ball 2-1: Foul Ball, location: 2F 2-2: Fielders Choice at 2nd, 6-4 (Groundball, 6, EV 103.8 MPH)
|
| Top of the 1st over - 0 runs, 2 hits, 0 errors, 2 left on base; Chicago 0 - San Diego 0 |
| BOTTOM OF THE 1ST |
|
San Diego Padres batting - Pitching for Chicago Cubs : RHP Shikato Ueda
|
|
Pitching: RHP Shikato Ueda
|
|
|
Batting: RHB Dennis Dungy
|
0-0: Ball 1-0: Reached on error, E4 (Groundball, 4, EV 79.4 MPH)
|
|
Batting: RHB Bob Dernier
|
0-0: Ball 1-0: Called Strike 1-1: Fly out, F5 (Popup, 56S, EV 70.0 MPH)
|
|
Batting: LHB Mike Cole
|
0-0: Called Strike 0-1: Ball 1-1: Ball 2-1: Foul Ball, location: 2F 2-2: Ground out 6-3 (Groundball, 6, EV 86.9 MPH) Dennis Dungy to third
|
|
Batting: LHB Tom Dunbar
|
0-0: Foul Ball, location: 2F 0-1: Ball 1-1: Foul Ball, location: 2F 1-2: Foul Ball, location: 2F 1-2: Ball 2-2: Strikes out looking
|
| Bottom of the 1st over - 0 runs, 0 hits, 1 error, 1 left on base; Chicago 0 - San Diego 0 |
| TOP OF THE 2ND |
|
Chicago Cubs batting - Pitching for San Diego Padres : RHP Skip Lockwood
|
|
Batting: RHB Randy Ready
|
0-0: Ball 1-0: Called Strike 1-1: Swinging Strike 1-2: Foul Ball, location: 2F 1-2: Ball 2-2: Ball 3-2: Foul Ball, location: 2F 3-2: SINGLE (Line Drive, 3D, EV 93.8 MPH)
|
|
Batting: LHB Robert Kraft
|
0-0: Ball 1-0: Ball 2-0: Called Strike 2-1: Swinging Strike 2-2: Foul Ball, location: 2F 2-2: Fly out, F8 (Flyball, 8LM, EV 80.6 MPH)
|
|
Batting: RHB Rick Cerone
|
0-0: Ball 1-0: Foul Ball, location: 2F 1-1: Fly out, F8 (Flyball, 8RD, EV 84.4 MPH)
|
|
Batting: RHB Shikato Ueda
|
0-0: Called Strike 0-1: Ball 1-1: Foul Ball, location: 2F 1-2: Ball 2-2: Ball 3-2: Strikes out looking
|
| Top of the 2nd over - 0 runs, 1 hit, 0 errors, 1 left on base; Chicago 0 - San Diego 0 |
| BOTTOM OF THE 2ND |
|
San Diego Padres batting - Pitching for Chicago Cubs : RHP Shikato Ueda
|
|
Batting: RHB Joel Youngblood
|
0-0: Ball 1-0: Swinging Strike 1-1: Ball 2-1: Hit by Pitch
|
|
Batting: LHB Darrell Porter
|
0-0: Ball 1-0: Foul Ball, location: 2F 1-1: Ball 2-1: Reached on error, E5 (Groundball, 56S, EV 82.5 MPH) Joel Youngblood to second
|
|
Batting: RHB Heriberto Soltero
|
0-0: Ball 1-0: Ball 2-0: Foul Ball, location: 2F 2-1: Ball 3-1: Called Strike 3-2: DOUBLE (Flyball, 8RXD, EV 94.4 MPH) Joel Youngblood scores Darrell Porter to third Darrell Porter scores
|
|
Batting: LHB Jeffrey Zitek
|
0-0: Called Strike 0-1: Ball 1-1: Foul Ball, location: 2F 1-2: Fly out, F6 (Line Drive, 6, EV 71.3 MPH)
|
|
Batting: RHB Skip Lockwood
|
0-0: Called Strike 0-1: Ball 1-1: Ball 2-1: Called Strike 2-2: Strikes out swinging
|
|
Batting: RHB Dennis Dungy
|
0-0: Ball 1-0: Foul Ball, location: 2F 1-1: SINGLE (Line Drive, 78S, EV 108.1 MPH) Heriberto Soltero to third Runner from 3rd tries for Home, SAFE, throw by CF to home
|
|
Batting: RHB Bob Dernier
|
0-0: Called Strike 0-1: Foul Ball, location: 2F 0-2: Fly out, F7 (Line Drive, 7, EV 101.9 MPH)
|
| Bottom of the 2nd over - 3 runs, 2 hits, 1 error, 1 left on base; Chicago 0 - San Diego 3 |
| TOP OF THE 3RD |
|
Chicago Cubs batting - Pitching for San Diego Padres : RHP Skip Lockwood
|
|
Batting: RHB Gary Ward
|
0-0: Called Strike 0-1: Ball 1-1: SINGLE (Line Drive, 9S, EV 112.5 MPH)
|
|
Batting: LHB Johnny Grubb
|
0-0: Ball 1-0: Called Strike 1-1: Foul Ball, location: 2F 1-2: Fielders Choice at 2nd, 1-6 (Groundball, 13S, EV 72.5 MPH)
|
|
Batting: LHB Gerald Perry
|
0-0: Called Strike 0-1: Ball 1-1: Fielders Choice at 2nd, 4-6 (Groundball, 4, EV 89.4 MPH)
|
|
Batting: SHB Roy Smalley
|
0-0: Ball 1-0: Ball 2-0: Foul Ball, location: 2F Balk! Gerald Perry to second 2-1: Ball 3-1: Called Strike 3-2: Fly out, F9 (Flyball, 89D, EV 94.4 MPH)
|
| Top of the 3rd over - 0 runs, 1 hit, 0 errors, 1 left on base; Chicago 0 - San Diego 3 |
| BOTTOM OF THE 3RD |
|
San Diego Padres batting - Pitching for Chicago Cubs : RHP Shikato Ueda
|
|
Batting: LHB Mike Cole
|
0-0: Ball 1-0: Ball 2-0: Called Strike 2-1: Ball 3-1: SINGLE (Line Drive, 78S, EV 91.9 MPH)
|
|
Batting: LHB Tom Dunbar
|
0-0: Called Strike Mike Cole steals 2nd base 0-1: Ball Wild Pitch! Mike Cole to third 1-1: Ball 2-1: Called Strike 2-2: Foul Ball, location: 2F 2-2: Reached on error, E3 (Groundball, 3, EV 98.1 MPH) Mike Cole scores
|
|
Batting: RHB Joel Youngblood
|
0-0: Called Strike 0-1: Ball 1-1: Fielders Choice at 2nd, 6-4 (Groundball, 6, EV 106.3 MPH)
|
|
Batting: LHB Darrell Porter
|
0-0: Ball 1-0: 2-RUN HOME RUN (Flyball, 9D, EV 98.8 MPH), Distance : 380 ft
|
|
Batting: RHB Heriberto Soltero
|
0-0: Ball 1-0: Called Strike 1-1: Ground out 4-3 (Groundball, 4D, EV 86.9 MPH)
|
|
Batting: LHB Jeffrey Zitek
|
0-0: Ball 1-0: Foul Ball, location: 2F 1-1: Ball 2-1: Foul Ball, location: 2F 2-2: Fly out, F8 (Flyball, 8LM, EV 90.0 MPH)
|
| Bottom of the 3rd over - 3 runs, 2 hits, 1 error, 0 left on base; Chicago 0 - San Diego 6 |
| TOP OF THE 4TH |
|
Chicago Cubs batting - Pitching for San Diego Padres : RHP Skip Lockwood
|
|
Batting: RHB Houston Jimenez
|
0-0: Ball 1-0: Ball 2-0: Called Strike 2-1: Foul Ball, location: 2F 2-2: Strikes out looking
|
|
Batting: RHB Randy Ready
|
0-0: Ball 1-0: Ball 2-0: Foul Ball, location: 2F 2-1: Called Strike 2-2: Ground out 6-3 (Groundball, 6, EV 109.4 MPH)
|
|
Batting: LHB Robert Kraft
|
0-0: Ball 1-0: Called Strike 1-1: Ball 2-1: Swinging Strike 2-2: Ball 3-2: Fly out, F2 (Popup, 2RF, EV 89.4 MPH)
|
| Top of the 4th over - 0 runs, 0 hits, 0 errors, 0 left on base; Chicago 0 - San Diego 6 |
| BOTTOM OF THE 4TH |
|
San Diego Padres batting - Pitching for Chicago Cubs : RHP Shikato Ueda
|
|
Batting: RHB Skip Lockwood
|
0-0: Foul Ball, location: 2F 0-1: Foul Ball, location: 2F 0-2: Strikes out swinging
|
|
Batting: RHB Dennis Dungy
|
0-0: Ball 1-0: SINGLE (Groundball, 25, EV 74.4 MPH) (infield hit)
|
|
Batting: RHB Bob Dernier
|
0-0: Called Strike Dennis Dungy steals 2nd base (no throw) 0-1: Ball 1-1: Ball 2-1: DOUBLE (Line Drive, 78M, EV 105.6 MPH) Dennis Dungy scores
|
|
Pitching: RHP Bill Greif
|
|
|
Batting: LHB Mike Cole
|
0-0: Ball 1-0: Ground out 6-3 (Groundball, 6, EV 97.5 MPH)
|
|
Batting: LHB Tom Dunbar
|
0-0: Ball 1-0: Ball 2-0: Called Strike 2-1: Ball 3-1: Base on Balls
|
|
Batting: RHB Joel Youngblood
|
0-0: Fly out, F3 (Line Drive, 3, EV 73.1 MPH)
|
| Bottom of the 4th over - 1 run, 2 hits, 0 errors, 2 left on base; Chicago 0 - San Diego 7 |
| TOP OF THE 5TH |
|
Chicago Cubs batting - Pitching for San Diego Padres : RHP Skip Lockwood
|
|
Batting: RHB Rick Cerone
|
0-0: SINGLE (Groundball, 56D, EV 101.9 MPH)
|
|
Batting: RHB Bill Greif
|
0-0: Called Strike 0-1: Bunted foul 0-2: Sac Bunt to 25 - play at first, batter OUT! 5-4 Rick Cerone to second
|
|
Batting: RHB Gary Ward
|
0-0: Foul Ball, location: 2F 0-1: Ball 1-1: Ball 2-1: Called Strike 2-2: Foul Ball, location: 2F 2-2: Ball 3-2: Strikes out swinging
|
|
Batting: LHB Johnny Grubb
|
0-0: Ball 1-0: Called Strike 1-1: Called Strike 1-2: Ball 2-2: DOUBLE (Groundball, 3L, EV 108.8 MPH) Rick Cerone scores
|
|
Batting: LHB Gerald Perry
|
0-0: Called Strike 0-1: Called Strike 0-2: Foul Ball, location: 2F 0-2: Fly out, F7 (Flyball, 7LM, EV 74.4 MPH)
|
| Top of the 5th over - 1 run, 2 hits, 0 errors, 1 left on base; Chicago 1 - San Diego 7 |
| BOTTOM OF THE 5TH |
|
San Diego Padres batting - Pitching for Chicago Cubs : RHP Bill Greif
|
|
Batting: LHB Darrell Porter
|
0-0: Foul Ball, location: 2F 0-1: Swinging Strike 0-2: Ground out U3 (Groundball, 34, EV 83.8 MPH)
|
|
Batting: RHB Heriberto Soltero
|
0-0: Ball 1-0: Called Strike 1-1: SOLO HOME RUN (Line Drive, 7D, EV 109.4 MPH), Distance : 394 ft
|
|
Batting: LHB Jeffrey Zitek
|
0-0: Ball 1-0: Ball 2-0: Ball 3-0: Called Strike 3-1: Foul Ball, location: 2F 3-2: Strikes out swinging
|
|
Batting: RHB Skip Lockwood
|
0-0: Ball 1-0: SINGLE (Groundball, 56S, EV 67.5 MPH) (infield hit)
|
|
Pinch Runner at 1st Tommy Curran:
|
|
|
Batting: RHB Dennis Dungy
|
0-0: Ball 1-0: Called Strike 1-1: Called Strike 1-2: Ball 2-2: Ball 3-2: Strikes out swinging
|
| Bottom of the 5th over - 1 run, 2 hits, 0 errors, 1 left on base; Chicago 1 - San Diego 8 |
| TOP OF THE 6TH |
|
Chicago Cubs batting - Pitching for San Diego Padres :
|
|
Pitching: LHP Jack W O'Connor
|
|
|
Batting: SHB Roy Smalley
|
0-0: Called Strike 0-1: Ball 1-1: Swinging Strike 1-2: Ball 2-2: Foul Ball, location: 2F 2-2: Foul Ball, location: 2F 2-2: Ground out 6-3 (Groundball, 56, EV 104.4 MPH)
|
|
Batting: RHB Houston Jimenez
|
0-0: Ball 1-0: Ball 2-0: Ball 3-0: Foul Ball, location: 2F 3-1: Base on Balls
|
|
Batting: RHB Randy Ready
|
0-0: Foul Ball, location: 2F 0-1: Ball 1-1: Foul Ball, location: 2F 1-2: Foul Ball, location: 2F 1-2: Ball 2-2: Fly out, F7 (Flyball, 7S, EV 94.4 MPH)
|
|
Batting: LHB Robert Kraft
|
0-0: Foul Ball, location: 2F 0-1: Ball 1-1: Foul Ball, location: 2F 1-2: Ball 2-2: Ball 3-2: SINGLE (Line Drive, 89M, EV 105.0 MPH) Houston Jimenez to second Houston Jimenez to third
|
|
Batting: RHB Rick Cerone
|
0-0: Ball 1-0: SINGLE (Line Drive, 34, EV 101.9 MPH) Houston Jimenez scores Robert Kraft to second
|
|
Pinch Hitting: RHB Marty Castillo
|
0-0: Ball 1-0: 3-RUN HOME RUN (Flyball, 7D, EV 92.5 MPH), Distance : 374 ft
|
|
Pitching: LHP Ed Vande Berg
|
|
|
Batting: RHB Gary Ward
|
0-0: Foul Ball, location: 2F 0-1: SINGLE (Flyball, 9LS, EV 91.3 MPH)
|
|
Batting: LHB Johnny Grubb
|
0-0: Called Strike 0-1: Ball 1-1: Ball 2-1: Foul Ball, location: 2F 2-2: Strikes out looking
|
| Top of the 6th over - 4 runs, 4 hits, 0 errors, 1 left on base; Chicago 5 - San Diego 8 |
| BOTTOM OF THE 6TH |
|
San Diego Padres batting - Pitching for Chicago Cubs : RHP Bill Greif
|
|
Pitching: RHP Tom Niedenfuer
|
|
|
Batting: RHB Bob Dernier
|
0-0: Called Strike 0-1: Swinging Strike 0-2: Foul Ball, location: 2F 0-2: Foul Ball, location: 2F 0-2: Ball 1-2: Strikes out swinging
|
|
Batting: LHB Mike Cole
|
0-0: Called Strike 0-1: Ball 1-1: Ball 2-1: Ball 3-1: Base on Balls
|
|
Batting: LHB Tom Dunbar
|
0-0: Called Strike 0-1: Ball 1-1: Ball 2-1: Ball 3-1: Base on Balls Mike Cole to second
|
|
Batting: RHB Joel Youngblood
|
0-0: Swinging Strike 0-1: Called Strike Mike Cole steals 3rd base Tom Dunbar to second 0-2: Ball 1-2: Ball 2-2: Strikes out swinging
|
|
Batting: LHB Darrell Porter
|
0-0: Intentional Walk
|
|
Batting: RHB Heriberto Soltero
|
0-0: Ball 1-0: Ball 2-0: Ball 3-0: Called Strike 3-1: Fly out, F7 (Line Drive, 7, EV 86.3 MPH)
|
| Bottom of the 6th over - 0 runs, 0 hits, 0 errors, 3 left on base; Chicago 5 - San Diego 8 |
| TOP OF THE 7TH |
|
Chicago Cubs batting - Pitching for San Diego Padres : LHP Ed Vande Berg
|
|
Batting: LHB Gerald Perry
|
0-0: Foul Ball, location: 2F 0-1: Ground out 4-3 (Groundball, 4, EV 77.5 MPH)
|
|
Batting: SHB Roy Smalley
|
0-0: Ball 1-0: Ball 2-0: Called Strike 2-1: Ground out 5-3 (Groundball, 56, EV 93.8 MPH)
|
|
Batting: RHB Houston Jimenez
|
0-0: Ball 1-0: Ball 2-0: Called Strike 2-1: Called Strike 2-2: Foul Ball, location: 2F 2-2: Foul Ball, location: 2F 2-2: Foul Ball, location: 2F 2-2: Foul Ball, location: 2F 2-2: Ball 3-2: Base on Balls
|
|
Batting: RHB Randy Ready
|
0-0: Called Strike 0-1: Ball 1-1: Fly out, F8 (Flyball, 8RS, EV 84.4 MPH)
|
| Top of the 7th over - 0 runs, 0 hits, 0 errors, 1 left on base; Chicago 5 - San Diego 8 |
| BOTTOM OF THE 7TH |
|
San Diego Padres batting - Pitching for Chicago Cubs : RHP Tom Niedenfuer
|
|
Pitching: RHP Robert Weismiller
|
|
|
Batting: LHB Jeffrey Zitek
|
0-0: Foul Ball, location: 2F 0-1: Swinging Strike 0-2: Strikes out swinging
|
|
Pinch Hitting: RHB Dave Edler
|
0-0: Ball 1-0: SINGLE (Line Drive, 6MD, EV 98.8 MPH)
|
|
Batting: RHB Dennis Dungy
|
0-0: Called Strike 0-1: Ball 1-1: Foul Ball, location: 2F 1-2: Ball 2-2: Ball 3-2: Fly out, F7 (Flyball, 78S, EV 85.6 MPH)
|
|
Batting: RHB Bob Dernier
|
0-0: Called Strike 0-1: Foul Ball, location: 2F 0-2: Ball Dave Edler is caught stealing 2nd base 2-4
|
| Bottom of the 7th over - 0 runs, 1 hit, 0 errors, 0 left on base; Chicago 5 - San Diego 8 |
| TOP OF THE 8TH |
|
Chicago Cubs batting - Pitching for San Diego Padres : LHP Ed Vande Berg
|
|
Pitching: RHP Craig Eaton
|
|
|
Batting: LHB Robert Kraft
|
0-0: Ball 1-0: Foul Ball, location: 2F 1-1: Ball 2-1: Foul Ball, location: 2F 2-2: Ball 3-2: Fly out, F8 (Flyball, 8LS, EV 84.4 MPH)
|
|
Batting: RHB Rick Cerone
|
0-0: Foul Ball, location: 2F 0-1: Ball 1-1: Ball 2-1: Ball 3-1: Ground out U3 (Groundball, 3, EV 82.5 MPH)
|
|
Pinch Hitting: LHB Dave Bergman
|
0-0: Ball 1-0: Fly out, F8 (Flyball, 89D, EV 79.4 MPH)
|
| Top of the 8th over - 0 runs, 0 hits, 0 errors, 0 left on base; Chicago 5 - San Diego 8 |
| BOTTOM OF THE 8TH |
|
San Diego Padres batting - Pitching for Chicago Cubs : RHP Robert Weismiller
|
|
Pitching: RHP Matt Keough
|
|
|
Batting: RHB Bob Dernier
|
0-0: Called Strike 0-1: Hit by Pitch
|
|
Batting: LHB Mike Cole
|
0-0: Ball 1-0: Ball 2-0: Called Strike 2-1: Ball 3-1: Foul Ball, location: 2F 3-2: Foul Ball, location: 2F 3-2: Fielders Choice at 2nd, 5-4 (Groundball, 56, EV 85.6 MPH)
|
|
Batting: LHB Tom Dunbar
|
0-0: Ball 1-0: Ball 2-0: Foul Ball, location: 2F 2-1: Swinging Strike 2-2: Fly out, F6 (Flyball, 6MD, EV 90.6 MPH)
|
|
Batting: RHB Joel Youngblood
|
0-0: Foul Ball, location: 2F 0-1: Ball 1-1: Called Strike 1-2: Ball Wild Pitch! Mike Cole to second 2-2: Fly out, F9 (Line Drive, 9, EV 91.3 MPH)
|
| Bottom of the 8th over - 0 runs, 0 hits, 0 errors, 1 left on base; Chicago 5 - San Diego 8 |
| TOP OF THE 9TH |
|
Chicago Cubs batting - Pitching for San Diego Padres : RHP Craig Eaton
|
|
Batting: RHB Gary Ward
|
0-0: Ball 1-0: Swinging Strike 1-1: Ball 2-1: Ground out U3 (Groundball, 3, EV 86.9 MPH)
|
|
Batting: LHB Johnny Grubb
|
0-0: Ball 1-0: Called Strike 1-1: Fly out, F9 (Flyball, 9D, EV 90.6 MPH)
|
|
Batting: LHB Gerald Perry
|
0-0: Ground out 5-3 (Groundball, 56, EV 105.0 MPH)
|
| Top of the 9th over - 0 runs, 0 hits, 0 errors, 0 left on base; Chicago 5 - San Diego 8 |
|